 Dungeon Crawl Stone Soup version 0.30.1-11-g7821555f0a (webtiles) character file.

Game seed: 12886288223347792645

92 Dvallin the Ducker (level 4, 0/38 HPs)
             Began as a Gnoll Gladiator on Dec 5, 2023.
             Slain by a river rat (3 damage)
             ... in a sewer.
             The game lasted 00:02:58 (1713 turns).

Dvallin the Ducker (Gnoll Gladiator)                Turns: 1713, Time: 00:02:59

Health: 0/38       AC:  6    Str: 13    XL:     4   Next: 60%
Magic:  5/5        EV: 12    Int:  9    God:
Gold:   119        SH:  4    Dex: 14    Spells: 5/5 levels left

rFire   . . .        k - staff of air
rCold   . . .        h - +0 buckler
rNeg    . . .        i - +0 ring mail
rPois   .            c - +0 helmet
rElec   +            (no cloak)
rCorr   .            (no gloves)
SInv    .            (no boots)
Will    .....        (no amulet)
Stlth   +            (no ring)
HPRegen 0.26/turn    (no ring)
MPRegen 0.09/turn

%: no passive effects
@: very slow
A: fangs 1, strong nose, distributed training
a: no special abilities


You were in a sewer.
You visited 1 branch of the dungeon, and saw 3 of its levels.
You also visited: Sewer.

You collected 119 gold pieces.

Inventory:

Hand Weapons
 a - a +0 quarterstaff
 p - a +0 broad axe
Missiles
 d - 3 throwing nets (quivered)
 e - a javelin
Armour
 b - a +0 leather armour
 c - a +0 helmet (worn)
 h - a +0 buckler (worn)
 i - a +0 ring mail (worn)
Magical Staves
 k - a staff of air (weapon)
 q - a staff of cold
Jewellery
 l - a ring of magical power
 o - an amulet of guardian spirit
Scrolls
 f - a scroll of amnesia {unknown}
 g - 4 scrolls of identify {unknown}
 m - a scroll of poison {unknown}
 n - a scroll of teleportation {unknown}
 r - 2 scrolls of fear {unknown}
Potions
 j - a potion of brilliance {unknown}


   Skills:
 + Level 4.7 Fighting
 + Level 1.2 Short Blades
 + Level 1.2 Long Blades
 + Level 1.2 Axes
 + Level 1.2 Maces & Flails
 + Level 1.2 Polearms
 + Level 6.6 Staves
 + Level 1.2 Ranged Weapons
 + Level 4.7 Throwing
 + Level 1.2 Armour
 + Level 6.6 Dodging
 + Level 1.2 Stealth
 + Level 1.2 Shields
 + Level 1.2 Unarmed Combat
 + Level 1.2 Spellcasting
 + Level 1.0 Conjurations
 + Level 1.0 Hexes
 + Level 1.0 Summonings
 + Level 1.0 Necromancy
 + Level 1.0 Translocations
 + Level 1.0 Transmutations
 + Level 1.0 Fire Magic
 + Level 1.0 Ice Magic
 + Level 1.0 Air Magic
 + Level 1.0 Earth Magic
 + Level 1.0 Poison Magic
 + Level 1.3 Invocations
 + Level 1.2 Evocations


You had 5 spell levels left.
You didn't know any spells.
Your spell library contained the following spells:

 Spells                   Type           Power      Damage    Failure   Level
 Portal Projectile        Hex/Tloc       4%         N/A       91%         3
 Tukima's Dance           Hex            2%         N/A       91%         3
 Blade Hands              Tmut           1%         N/A       100%        5


Dungeon Overview and Level Annotations

Branches:
Dungeon (3/15)              Sewer (1/1)

Altars:


Innate Abilities, Weirdness & Mutations

You have very sharp teeth.
Your uncanny sense of smell can sniff out nearby items.
Your experience applies equally to all skills.


Message History

You hit the river rat but do no damage.
The river rat is lightly wounded.
The river rat completely misses you.
Your unstable footing causes you to fumble your attack.
The kobold hits you but does no damage. The river rat bites you!
You barely miss the river rat.
You bite the river rat, but do no damage.
The river rat is lightly wounded.
The kobold hits you with a +0 short sword.
* * * LOW HITPOINT WARNING * * *
The river rat twitches its whiskers.
You block the river rat's attack.
You barely miss the river rat.
The river rat is lightly wounded.
The kobold hits you but does no damage. The river rat bites you.
* * * LOW HITPOINT WARNING * * *
Your unstable footing causes you to fumble your attack.
You block the kobold's attack. The river rat barely misses you.
You barely miss the river rat.
The river rat is lightly wounded.
You block the kobold's attack.
Your unstable footing causes you to fumble your attack.
The river rat bites you but does no damage.
The kobold closely misses you.
You hit the river rat. Your bite misses the river rat.
The river rat is moderately wounded.
The river rat bites you.
* * * LOW HITPOINT WARNING * * *
The kobold barely misses you.
Your unstable footing causes you to fumble your attack.
The river rat closely misses you. The kobold hits you but does no damage.
Your unstable footing causes you to fumble your attack.
The river rat bites you.
* * * LOW HITPOINT WARNING * * *
You hit the river rat.
The river rat is severely wounded.
The kobold hits you with a +0 short sword.
* * * LOW HITPOINT WARNING * * *
The river rat bites you.
You die...

#######
###..P..####
..#.~~.P...≈≈##
.~..~.PKP..≈≈≈##
~~..~~#@#...≈≈≈#
r~~.. #r#.∩.≈≈≈#
##.. #~#.∩.≈≈≈≈#
~~. #~#....≈≈≈#
## #~#..######
#~#P.~ ∆ #~##.#
#~##.P #~###P


You could see a river rat and a kobold.

Vanquished Creatures
  5 adders (D:2)
  An orc (D:3)
  2 endoplasms
  6 giant cockroaches
  3 goblins
  7 hobgoblins
  2 jackals (D:3)
  2 kobolds (D:2)
  A quokka (D:2)
  6 ball pythons
  2 bats
  3 frilled lizards
  3 rats
43 creatures vanquished.

Notes
Turn   | Place    | Note
-------+----------+-------------------------------------------
     0 | D:1      | Dvallin the Gnoll Gladiator began the quest for the Orb.
     0 | D:1      | Reached XP level 1. HP: 20/20 MP: 1/1
   272 | D:1      | Reached XP level 2. HP: 26/26 MP: 2/2
   831 | D:2      | Reached XP level 3. HP: 31/31 MP: 3/3
   845 | D:2      | Reached skill level 1 in Invocations
   961 | D:2      | Reached skill level 1 in Short Blades
   961 | D:2      | Reached skill level 1 in Long Blades
   961 | D:2      | Reached skill level 1 in Axes
   961 | D:2      | Reached skill level 1 in Maces & Flails
   961 | D:2      | Reached skill level 1 in Polearms
   961 | D:2      | Reached skill level 1 in Ranged Weapons
   961 | D:2      | Reached skill level 1 in Armour
   961 | D:2      | Reached skill level 1 in Stealth
   961 | D:2      | Reached skill level 1 in Shields
   961 | D:2      | Reached skill level 1 in Unarmed Combat
   961 | D:2      | Reached skill level 1 in Spellcasting
   961 | D:2      | Reached skill level 1 in Evocations
  1296 | D:2      | Reached XP level 4. HP: 26/38 MP: 5/5
  1550 | D:3      | Reached skill level 1 in Conjurations
  1550 | D:3      | Reached skill level 1 in Hexes
  1550 | D:3      | Reached skill level 1 in Summonings
  1550 | D:3      | Reached skill level 1 in Necromancy
  1550 | D:3      | Reached skill level 1 in Translocations
  1550 | D:3      | Reached skill level 1 in Transmutations
  1550 | D:3      | Reached skill level 1 in Fire Magic
  1550 | D:3      | Reached skill level 1 in Ice Magic
  1550 | D:3      | Reached skill level 1 in Air Magic
  1550 | D:3      | Reached skill level 1 in Earth Magic
  1550 | D:3      | Reached skill level 1 in Poison Magic
  1648 | D:3      | Found a glowing drain.
  1658 | Sewer    | Entered a sewer
  1713 | Sewer    | Slain by a river rat

Illustrated notes

Levels and vault maps discovered:
D:1:      nagdon_arrival_double_spiral, layout_basic, nrook_loot_triangle
D:2:      layout_basic, hex_tiny, nicolae_half_adder
D:3:      lemuel_castle_with_subvaults [lemuel_castle_interior_carwin_3],
          layout_basic, mainiacjoe_overflow_small_starburst,
          portal_sewer_entry_b, hellmonk_ecumenical_altar_leap_of_faith,
          grunt_ministairs_12, grunt_decor_clamped, uniq_jessica, uniq_sigmund
Sewer:    sewer_co_scattered_pipes

Skill      XL: |  1  2  3  4 |
---------------+-------------+-----
Invocations    | 1 |  1.3
Short Blades   | 1 |  1.2
Long Blades    | 1 |  1.2
Axes           | 1 |  1.2
Maces & Flails | 1 |  1.2
Polearms       | 1 |  1.2
Ranged Weapons | 1 |  1.2
Armour         | 1 |  1.2
Stealth        | 1 |  1.2
Shields        | 1 |  1.2
Unarmed Combat | 1 |  1.2
Spellcasting   | 1 |  1.2
Evocations     | 1 |  1.2
Conjurations   | 1 |  1.0
Hexes          | 1 |  1.0
Summonings     | 1 |  1.0
Necromancy     | 1 |  1.0
Translocations | 1 |  1.0
Transmutations | 1 |  1.0
Fire Magic     | 1 |  1.0
Ice Magic      | 1 |  1.0
Air Magic      | 1 |  1.0
Earth Magic    | 1 |  1.0
Poison Magic   | 1 |  1.0
Fighting       | |  4.7
Staves         | |  6.6
Throwing       | |  4.7
Dodging        | |  6.6

Action                     |  1- 3 |  4- 6 || total
---------------------------+-------+-------++-------
  Melee: Quarterstaff      |    55 |       ||    55
         Bite              |    10 |     8 ||    18
         Staff             |    73 |    78 ||   151
 Armour: Leather armour    |     8 |       ||     8
         Ring mail         |    35 |    42 ||    77
  Dodge: Dodged            |    85 |    51 ||   136
  Block: Buckler           |     8 |    16 ||    24
